 Dungeon Crawl Stone Soup version 0.23.2-33-g5129a83184 (webtiles) character file.

Game seed: 8788984233265992363

186 Varekei the Shield-Bearer (level 5, -2/33 HPs)
             Began as a Gargoyle Fighter on Aug 1, 2019.
             Killed from afar by Natasha (7 damage)
             ... with a magic dart
             ... on level 4 of the Dungeon on Aug 2, 2019.
             The game lasted 01:01:26 (1977 turns).

Varekei the Shield-Bearer (Gargoyle Fighter)        Turns: 1977, Time: 01:01:32

Health: -2/33      AC: 15    Str: 20    XL:     5   Next: 65%
Magic:  5/5        EV:  7    Int:  9    God:
Gold:   214        SH:  9    Dex:  9    Spells: 4/4 levels left

rFire    . . .     SeeInvis .   w - +1 flail (holy)
rCold    . . .     Gourm    .   c - +0 shield
rNeg     + . .     Faith    .   b - +0 scale mail
rPois    ∞         Spirit   .   t - +0 helmet
rElec    +         Reflect  .   (no cloak)
rCorr    .         Harm     .   (no gloves)
MR       .....                  (no boots)
Stlth    ..........             (no amulet)
HPRegen  0.11/turn              n - +3 ring of protection
MPRegen  0.09/turn              (no ring)

@: slowed, lightly drained, very slow
A: negative energy resistance 1, electricity resistance, unbreathing,
petrification resistance, rot immunity, AC +4
a: no special abilities


You were on level 4 of the Dungeon.
You were not hungry.

You visited 1 branch of the dungeon, and saw 4 of its levels.

You collected 214 gold pieces.

Inventory:

Hand Weapons
 e - a +2 lajatang of protection
 w - a +1 flail of holy wrath (weapon)
Missiles
 p - 22 sling bullets
 r - 81 stones (quivered)
 v - 20 bolts
Armour
 b - a +0 scale mail (worn)
 c - a +0 shield (worn)
 t - a +0 helmet (worn)
Jewellery
 k - an uncursed amulet of harm
 n - a +3 ring of protection (left hand)
Scrolls
 l - 2 scrolls of teleportation
 m - a scroll of magic mapping {unknown}
 o - 2 scrolls of enchant weapon {unknown}
 q - 2 scrolls of fear {unknown}
 s - 2 scrolls of enchant armour {unknown}
Potions
 d - a potion of might
 g - a potion of flight {unknown}
 h - a potion of brilliance {unknown}
 i - 2 potions of lignification {unknown}
 j - a potion of berserk rage {unknown}
 u - a potion of degeneration {unknown}
Comestibles
 f - 5 rations


   Skills:
 * Level 4.1(3.8) Fighting
 - Level 2.0(1.7) Maces & Flails
 + Level 4.7(4.4) Armour
 - Level 5.2(4.9) Shields


You had 4 spell levels left.
You didn't know any spells.
Your spell library contained the following spells:

 Spells                   Type           Power        Failure   Level  Hunger
 Beastly Appendage        Tmut           #.....       99%         1    ##.....
 Sticks to Snakes         Tmut           #.......     99%         2    ###....
 Spider Form              Tmut/Pois      #.........   100%        3    ####...
 Ice Form                 Ice/Tmut       #.......     100%        4    #####..
 Blade Hands              Tmut           #.........   100%        5    ######.


Dungeon Overview and Level Annotations

Branches:
Dungeon (4/15)
 Temple: D:4-7

Altars:

Annotations:
D:4 Natasha


Innate Abilities, Weirdness & Mutations

You are resistant to torment.
Your stone body is resilient. (AC +4)
You are immune to poison.
You resist negative energy. (rN+)
You are resistant to electric shocks. (rElec)
You can survive without breathing.
You are immune to petrification.
You are immune to rotting.


Message History

You block the white imp's attack. Natasha claws you but does no damage.
You closely miss Natasha.
Natasha is severely wounded.
The white imp hits you. The white imp freezes you. You block Natasha's attack.
The white imp gestures at you. The puff of frost hits you.
Natasha stares at you and mumbles some strange words.
The magic dart hits you but does no damage.
The white imp gestures at you. The puff of frost hits you!
* * * LOW HITPOINT WARNING * * *
Unknown command.
You hit Natasha.
Natasha is severely wounded.
Natasha claws you but does no damage. The white imp gestures at you.
The puff of frost hits you but does no damage.
Natasha casts a spell at you. The magic dart hits you!
You die...

# .## ## ###)###
#.##.....
####.#.#.####.##
##...............
####...#.5........#
#........@h.####..##
#.##...#.#..#.......
#.###.##.#....# #.#
#.##.##.#>#
##.###.##.##.#.#
#######<..##.##.##.#.#
........#....##.##.#.#
#######...#####....#.#
.. ##.## ###.=#.##.# #


You could see Natasha and a white imp.

Vanquished Creatures
  Jessica (D:2)
  Natasha (D:4)
  An iguana (D:4)
  2 adders (D:2)
  3 adder skeletons (D:4)
  5 worms
  2 dart slugs (D:1)
  2 leopard geckos
  7 orcs
  6 bats
  4 goblins
  3 hobgoblins
  10 jackals (D:2)
  4 kobolds
  A quokka (D:4)
  A ball python (D:1)
  2 frilled lizards (D:3)
  7 rats
62 creatures vanquished.

Notes
Turn   | Place    | Note
-------+----------+-------------------------------------------
     0 | D:1      | Varekei the Gargoyle Fighter began the quest for the Orb.
     0 | D:1      | Reached XP level 1. HP: 14/14 MP: 1/1
   166 | D:1      | Reached XP level 2. HP: 19/19 MP: 2/2
   277 | D:1      | You fall through a shaft!
   277 | D:2      | Found a faded altar of an unknown god.
   328 | D:2      | Reached XP level 3. HP: 23/23 MP: 3/3
   487 | D:2      | Reached skill level 4 in Shields
   514 | D:2      | Noticed Jessica
   521 | D:2      | Killed Jessica
   521 | D:2      | Reached XP level 4. HP: 21/29 MP: 4/4
  1107 | D:4      | Reached skill level 5 in Shields
  1107 | D:4      | Reached XP level 5. HP: 24/33 MP: 5/5
  1274 | D:4      | Noticed a phantom
  1293 | D:4      | Noticed an ogre
  1844 | D:4      | Noticed Natasha
  1867 | D:4      | Killed Natasha
  1944 | D:4      | Noticed Natasha
  1977 | D:4      | Killed from afar by Natasha

Skill      XL: |  1  2  3  4  5 |
---------------+----------------+-----
Armour         | 4 |  4.7
Shields        | 4 5 |  5.2
Fighting       | 4 |  4.1
Maces & Flails | |  2.0

Action                   |  1- 3 |  4- 6 || total
-------------------------+-------+-------++-------
Melee: Flail             |   136 |   148 ||   284
  Use: Scroll            |       |     6 ||     6
  Eat: Ration            |       |     2 ||     2
Armor: Scale mail        |   134 |    71 ||   205
Dodge: Dodged            |    91 |    32 ||   123
Block: Shield            |    95 |    64 ||   159
